 Dungeon Crawl Stone Soup version 0.24.0-13-gcf9b319 (webtiles) character file.

Game seed: 8771040910427060823, levelgen mode: deterministic

2516 Fang the Skirmisher (level 9, -2/57 HPs)
             Began as a Gargoyle Berserker on Nov 14, 2019.
             Was an Elder of Trog.
             Slain by an orc warrior
             ... wielding a +0 glaive
              (7 damage)
             ... in a bailey.
             The game lasted 00:05:29 (5808 turns).

Fang the Skirmisher (Gargoyle Berserker)            Turns: 5808, Time: 00:05:29

Health: -2/57      AC: 17    Str: 24    XL:     9   Next: 54%
Magic:  9/9        EV:  7    Int:  8    God:    Trog [****..]
Gold:   367        SH: 12    Dex:  9    Spells: 8/8 levels left

rFire    . . .     SeeInvis .   a - +0 war axe
rCold    . . .     Gourm    .   v - +2 shield
rNeg     + + .     Faith    .   b - +0 chain mail (curse)
rPois    ∞         Spirit   .   (no helmet)
rElec    +         Reflect  +   (no cloak)
rCorr    .         Harm     .   (no gloves)
MR       .....                  (no boots)
Stlth    ..........             f - +3 amulet of reflection
HPRegen  0.19/turn              x - ring of positive energy
MPRegen  0.11/turn              (no ring)

@: berserk cooldown, slowed, very slow
A: negative energy resistance 1, electricity resistance, unbreathing,
petrification resistance, rot immunity, AC +6
a: Berserk, Trog's Hand, Brothers in Arms, Renounce Religion


You were in a bailey.
You worshipped Trog.
Trog was greatly pleased with you.
You were very hungry.

You visited 2 branches of the dungeon, and saw 8 of its levels.
You also visited: Bailey.

You collected 419 gold pieces.
You spent 52 gold pieces at shops.

Inventory:

Hand Weapons
 a - a +0 war axe (weapon)
Armour
 b - a cursed +0 chain mail (worn)
 m - quicksilver dragon scales
 v - a +2 shield (worn)
Jewellery
 f - a +3 amulet of reflection (around neck)
 x - a ring of positive energy (left hand)
Wands
 y - a wand of scattershot (5)
Scrolls
 d - 2 scrolls of immolation {unknown}
 e - 5 scrolls of remove curse {unknown}
 g - 9 scrolls of identify {unknown}
 i - 2 scrolls of random uselessness {unknown}
 k - 5 scrolls of magic mapping {unknown}
 q - 2 scrolls of amnesia {unknown}
 s - 3 scrolls of fear {unknown}
 t - a scroll of blinking {unknown}
 u - a scroll of enchant armour {unknown}
 z - a scroll of torment {unknown}
Potions
 h - a potion of might {unknown}
 j - a potion of mutation {unknown}
 l - a potion of cancellation {unknown}
 n - 3 potions of degeneration
 o - a potion of curing {unknown}
 p - 2 potions of agility
 r - a potion of resistance
Comestibles
 c - 7 rations
 w - 21 chunks of flesh


   Skills:
 + Level 7.6 Fighting
 + Level 6.4 Axes
 + Level 7.2 Armour
 + Level 5.4 Dodging


You had 8 spell levels left.
You didn't know any spells.
Your spell library was empty.

Dungeon Overview and Level Annotations

Branches:
Dungeon (7/15)             Temple (1/1) D:6          Bailey (1/1)

Altars:
Dithmenos
Fedhas
Kikubaaqudgha
Makhleb
Ru
Sif Muna
Vehumet
Wu Jian
Zin

Shops:
D:5 (

Annotations:
D:7 2 transporters


Innate Abilities, Weirdness & Mutations

You are resistant to torment.
Your stone body is resilient. (AC +6)
You are immune to poison.
You resist negative energy. (rN+)
You are resistant to electric shocks. (rElec)
You can survive without breathing.
You are immune to petrification.
You are immune to rotting.


Message History

The orc warrior hits you but does no damage. x2
You slice the orc warrior!!
You kill the orc warrior!
Trog accepts your kill.
You are no longer berserk.
You are exhausted.
You feel yourself slow down.
The orc warrior hits you but does no damage.
The orc warrior hits you with a +0 glaive.
* * * LOW HITPOINT WARNING * * *
Things that are here:
a +0 glaive; a cursed +0 chain mail; an orc corpse Your shield and chain mail prevent you from hitting the orc warrior.
You completely miss the orc warrior.
The orc warrior hits you with a +0 glaive.
* * * LOW HITPOINT WARNING * * *
You block the orc warrior's attack. x2
You hit the orc warrior but do no damage. x2
The orc warrior hits you with a +0 glaive!
You die...

###################
##≈≈≈≈≈≈≈≈≈≈≈≈≈≈≈≈≈#
##..........).o......
#............@o......
####'##########⌠.....
#≈...)........#####..
#≈...≈≈≈≈≈≈≈≈≈....##
##≈..≈≈.......≈≈≈.⌠.#
##≈≈))..≈≈≈≈≈≈≈..≈≈..#
##≈≈).)≈≈≈.....≈≈≈)≈≈.#
#≈≈⌠.)≈≈..≈≈≈≈≈))≈≈)≈.##
#≈≈..≈≈.≈≈≈...≈≈≈.≈)≈≈.#


You could see 2 orc warriors.

Vanquished Creatures
  Harold (D:7)
  Edmund (D:6)
  2 orc warriors
  A sky beast (D:6)
  3 ogres
  A phantom (D:5)
  A necrophage (D:7)
  3 centaurs
  3 scorpions
  A hound (D:6)
  A jelly (D:7)
  A gnoll shaman (D:7)
  3 orc priests
  A bullfrog skeleton (D:6)
  A centaur skeleton (D:6)
  An orc wizard (D:4)
  Jessica (D:3)
  Terence (D:3)
  An iguana (D:6)
  A howler monkey zombie (D:6)
  5 gnolls (D:7)
  3 adders
  A shadow imp (D:7)
  An ooze (D:2)
  An adder skeleton (D:5)
  6 worms
  2 dart slugs
  4 leopard geckos
  23 orcs
  10 bats
  2 giant cockroaches
  9 hobgoblins
  17 jackals
  5 kobolds
  4 quokkas
  9 frilled lizards
  9 goblins
  A leopard gecko zombie (D:6)
  A quokka zombie (D:5)
  8 rats
150 creatures vanquished.

Notes
Turn   | Place    | Note
-------+----------+-------------------------------------------
     0 | D:1      | Fang the Gargoyle Berserker began the quest for the Orb.
     0 | D:1      | Reached XP level 1. HP: 14/14 MP: 1/1
   182 | D:1      | Reached XP level 2. HP: 18/19 MP: 2/2
   810 | D:1      | Reached XP level 3. HP: 23/23 MP: 3/3
  1564 | D:2      | Reached ** piety under Trog
  1587 | D:2      | Reached XP level 4. HP: 22/29 MP: 4/4
  1596 | D:2      | Found a glowing silver altar of Zin.
  2058 | D:3      | Noticed Terence
  2078 | D:3      | Killed Terence
  2096 | D:3      | Found an ancient bone altar of Kikubaaqudgha.
  2326 | D:3      | Reached XP level 5. HP: 33/33 MP: 5/5
  2538 | D:3      | Noticed Jessica
  2541 | D:3      | Killed Jessica
  2546 | D:3      | Reached XP level 6. HP: 19/39 MP: 6/6
  2741 | D:3      | Reached *** piety under Trog
  3171 | D:4      | Reached skill level 5 in Fighting
  3171 | D:4      | Reached XP level 7. HP: 16/44 MP: 7/7
  3459 | D:5      | Entered Level 5 of the Dungeon
  3591 | D:5      | Found Josoas Quo's Weapon Emporium.
  3600 | D:5      | Bought a +0 war axe for 52 gold pieces
  3703 | D:5      | Found a blossoming altar of Fedhas.
  3861 | D:5      | Reached skill level 5 in Armour
  3887 | D:5      | Found a sacrificial altar of Ru.
  4317 | D:6      | Noticed Edmund
  4330 | D:6      | Killed Edmund
  4330 | D:6      | Reached XP level 8. HP: 51/51 MP: 8/8
  4623 | D:6      | Reached skill level 5 in Axes
  4833 | D:6      | Found an ornate altar of the Wu Jian Council.
  4931 | D:6      | Found a staircase to the Ecumenical Temple.
  4987 | Temple   | Entered the Ecumenical Temple
  5176 | D:6      | Reached **** piety under Trog
  5292 | D:7      | Found a shimmering blue altar of Sif Muna.
  5342 | D:7      | Found a transporter.
  5420 | D:7      | Noticed Harold
  5434 | D:7      | Killed Harold
  5434 | D:7      | Reached skill level 5 in Dodging
  5434 | D:7      | Reached XP level 9. HP: 57/57 MP: 9/9
  5490 | D:7      | Found a transporter.
  5589 | D:7      | Found a flagged portal.
  5605 | Bailey   | Entered a bailey
  5808 | Bailey   | Slain by an orc warrior

Levels and vault maps discovered:
D:1:      evilmike_arrival_crescent, layout_loops_ring
D:2:      layout_loops_corners, lemuel_coloured_pillars_altar, first_ration,
          minmay_misc_feat_pillars, st_stairs_6
D:3:      minmay_chambers_of_twos, layout_basic, kiku_gazebo_garden_becter,
          uniq_jessica, uniq_terence
D:4:      minmay_polygon_palace, layout_rooms, bloody_trog
D:5:      layout_cave_pods, fedhas_altar_1, serial_shops, shop_fountains,
          nicolae_ru_awakened_eye
D:6:      layout_rooms, kennysheep_mini_moat, minmay_temple_entry_large_hall,
          uniq_edmund
D:7:      gammafunk_cloud_chamber, layout_loops_corners,
          nicolae_gozag_cash_rules_everything_around_me, lemuel_round_altar,
          minitemple, enter_bailey_7, lightli_minifort, uniq_harold,
          uniq_crazy_yiuf_cottage
Temple:   dpeg_chambers_temple
Bailey:   bailey_polearm_flooded_kennysheep, bailey

Skill      XL: |  1  2  3  4  5  6  7  8  9 |
---------------+----------------------------+-----
Axes           | 3 4 6 |  6.4
Dodging        | 2 3 5 |  5.4
Armour         | 3 4 5 6 7 |  7.2
Fighting       | 4 5 7 |  7.6

Action                   |  1- 3 |  4- 6 |  7- 9 || total
-------------------------+-------+-------+-------++-------
Melee: Hand axe          |   119 |   204 |    29 ||   352
       War axe           |       |       |   267 ||   267
Invok: Berserk           |       |     3 |     5 ||     8
       Trog's Hand       |       |       |     1 ||     1
 Stab: Sleeping          |     2 |       |       ||     2
  Eat: Chunk             |     2 |     7 |    11 ||    20
       Ration            |       |       |     1 ||     1
Armor: Animal skin       |    33 |       |       ||    33
       Chain mail        |    28 |   128 |   240 ||   396
Dodge: Dodged            |    75 |    94 |   104 ||   273
Block: Shield            |       |       |   183 ||   183
       Reflection        |       |       |     3 ||     3
